 Dungeon Crawl Stone Soup version 0.31-a0-177-g4aa6249778 (webtiles) character file.

Game seed: 13595105016877790302

125 qw the Shooter (level 5, 0/49 HPs)
             Began as a Naga Hunter on June 18, 2023.
             Slain by Prince Ribbit (11 damage)
             ... on level 5 of the Dungeon.
             The game lasted 00:00:47 (1434 turns).

qw the Shooter (Naga Hunter)                        Turns: 1434, Time: 00:00:47

Health: 0/49       AC:  6    Str: 14    XL:     5   Next: 9%
Magic:  5/5        EV:  8    Int:  9    God:
Gold:   199        SH:  0    Dex: 16    Spells: 4/4 levels left

rFire   . . .        Y - +1 shortbow
rCold   + . .        (shield currently unavailable)
rNeg    + . .        p - +2 ring mail {rC+}
rPois   +            (no helmet)
rElec   .            (no cloak)
rCorr   .            (no gloves)
SInv    +            (no barding)
Will    +....        (no amulet)
Stlth   +            a - ring of positive energy
HPRegen 0.28/turn    j - ring of willpower
MPRegen 0.09/turn

%: no passive effects
@: very slow
A: AC +1, large, see invisible, deformed body, poison resistance, slowness 2,
spit poison 1, naga tail 1
a: Spit Poison


You were on level 5 of the Dungeon.
You visited 1 branch of the dungeon, and saw 7 of its levels.

You collected 199 gold pieces.


Innate Abilities, Weirdness & Mutations

Your serpentine skin is tough. (AC +1)
You have supernaturally acute eyesight. (SInv)
Armour fits poorly on your strangely shaped body.
Your system is resistant to poisons. (rPois)
You cover ground very slowly.
You can spit poison.
You have a snake-like lower body.


   Skills:
 - Level 3.0 Fighting
 + Level 5.2 Ranged Weapons
 - Level 1.5 Dodging
 - Level 1.5 Stealth


You had 4 spell levels left.
You didn't know any spells.
Your spell library was empty.

Inventory:

Hand Weapons
 Y - a +1 shortbow (weapon)
Armour
 p - a +2 ring mail of cold resistance (worn)
Jewellery
 a - a ring of positive energy (left hand)
 j - a ring of willpower (right hand)
Scrolls
 i - a scroll of identify
Potions
 d - a potion of curing
 e - a potion of enlightenment
 k - a potion of haste {unknown}
 l - a potion of mutation {unknown}
 m - a potion of might {unknown}

Dungeon Overview and Level Annotations

Branches:
Dungeon (7/15)
 Temple: D:4-7

Altars:

Annotations:
D:5 Prince Ribbit


Message History

You feel sick.
You hear an angry hiss.
Prince Ribbit lets out a mournful croak.
Prince Ribbit closely misses you.
You hear a shout!
1428 ||| DRINKING potion of heal wounds.
You feel much better.
You feel sick.
You hear a bark!
A scorpion comes into view.
Prince Ribbit blinks!
1429 ||| INVOKING Spit Poison.
Aiming: Spit Poison (1% risk of failure)
Press: ? - help, Shift-Dir - straight line, f - quokka, p - Prince Ribbit The splash of poison misses the quokka.
You feel sick.
The quokka bites you but does no damage.
You shoot an arrow. The arrow closely misses Prince Ribbit.
You feel sick.
The quokka bites you but does no damage.
Prince Ribbit hits you! The quokka bites you.
You shoot an arrow. The arrow barely misses Prince Ribbit.
You feel sick.
Prince Ribbit blinks!
The quokka barely misses you.
You shoot an arrow. The arrow hits the quokka.
The quokka is severely wounded.
You feel sick.
You are no longer poisoned.
The quokka bites you but does no damage.
An adder comes into view.
Prince Ribbit barely misses you.
You shoot an arrow. The adder hisses angrily.
The arrow hits the quokka.
You kill the quokka!
Prince Ribbit barely misses you. Prince Ribbit hits you!
You shoot an arrow. The arrow hits Prince Ribbit.
Prince Ribbit is lightly wounded.
You have got your breath back.
Prince Ribbit hits you!
You die...

#.#....
#.#....####
..........## #
........#..#.#
.........#...
...........
.........#
......F@.#
.........#
.......S.#
........##
.#.....##
#####. #. ..


You could see Prince Ribbit and an adder.

Vanquished Creatures
  A hound (D:3)
  An iguana (D:6)
  An orc wizard (D:5)
  3 worms
  A dart slug (D:2)
  2 orcs
  3 ball pythons
  7 endoplasms
  A giant cockroach (D:1)
  4 goblins
  7 hobgoblins
  2 quokkas
  4 bats
  3 frilled lizards
  A kobold (D:1)
  4 rats (D:3)
45 creatures vanquished.

Notes
Turn   | Place    | Note
-------+----------+-------------------------------------------
     0 | D:1      | qw the Naga Hunter began the quest for the Orb.
     0 | D:1      | Reached XP level 1. HP: 19/19 MP: 1/1
     0 | D:1      | 0 ||| qw: Version: 0.3-a-7-ge0c9b40
     0 | D:1      | 0 ||| qw: Game counter: 816
     0 | D:1      | 0 ||| qw: Always use a shield: true
     0 | D:1      | 0 ||| qw: God list: Okawaru
     0 | D:1      | 0 ||| qw: Allow faded altars: false
     0 | D:1      | 0 ||| qw: Do Orc after D:15 true
     0 | D:1      | 0 ||| qw: Do second Lair branch before Depths: true
     0 | D:1      | 0 ||| qw: Lair rune preference: random
     0 | D:1      | 0 ||| qw: Plans: Normal
     0 | D:1      | 0 ||| PLANNING D:1-11
    25 | D:1      | 25 ||| INVOKING Spit Poison.
    60 | D:1      | 60 ||| INVOKING Spit Poison.
    68 | D:1      | 68 ||| INVOKING Spit Poison.
    69 | D:1      | Reached skill level 4 in Ranged Weapons
    69 | D:1      | Reached XP level 2. HP: 26/26 MP: 2/2
   105 | D:1      | 105 ||| INVOKING Spit Poison.
   209 | D:1      | 209 ||| INVOKING Spit Poison.
   225 | D:1      | 225 ||| INVOKING Spit Poison.
   231 | D:1      | 231 ||| INVOKING Spit Poison.
   236 | D:1      | 236 ||| INVOKING Spit Poison.
   469 | D:1      | 469 ||| DROPPING ring of magical power.
   470 | D:1      | 470 ||| READING scroll labelled FIPETOECZU.
   470 | D:1      | Identified a scroll of acquirement
   470 | D:1      | 470 ||| ACQUIRING ring of positive energy
   470 | D:1      | Acquired a ring of positive energy
   472 | D:1      | 472 ||| UPGRADING to ring of positive energy.
   473 | D:1      | 473 ||| READING scroll labelled NAMUUPR GUERI.
   474 | D:1      | 474 ||| READING 2 scrolls labelled APREUC WAMIWIJ.
   475 | D:1      | 475 ||| READING scroll labelled BYSIGU PORGH.
   476 | D:1      | 476 ||| READING 2 scrolls labelled IRASAE VAOGG.
   477 | D:1      | 477 ||| READING scroll labelled VUOGGEKEAP.
   480 | D:1      | 480 ||| READING scroll labelled NOKIRIV PUSILA.
   481 | D:1      | 481 ||| DROPPING scroll of butterflies.
   482 | D:1      | 482 ||| DROPPING scroll of fog.
   584 | D:2      | 584 ||| INVOKING Spit Poison.
   612 | D:2      | 612 ||| INVOKING Spit Poison.
   623 | D:2      | 623 ||| INVOKING Spit Poison.
   624 | D:2      | Reached XP level 3. HP: 32/32 MP: 3/3
   728 | D:2      | 728 ||| INVOKING Spit Poison.
   761 | D:2      | 761 ||| INVOKING Spit Poison.
   854 | D:2      | 854 ||| UPGRADING to ring of willpower.
   855 | D:2      | 855 ||| READING scroll labelled HONNAPS KIAGH.
   856 | D:2      | 856 ||| DRINKING 2 pink potions.
   894 | D:3      | 894 ||| INVOKING Spit Poison.
   917 | D:3      | 917 ||| INVOKING Spit Poison.
   978 | D:3      | 978 ||| INVOKING Spit Poison.
   981 | D:3      | Reached skill level 5 in Ranged Weapons
   981 | D:3      | Reached XP level 4. HP: 39/39 MP: 4/4
  1000 | D:3      | 1000 ||| INVOKING Spit Poison.
  1006 | D:3      | 1006 ||| INVOKING Spit Poison.
  1012 | D:3      | 1012 ||| INVOKING Spit Poison.
  1016 | D:3      | 1016 ||| INVOKING Spit Poison.
  1084 | D:3      | 1084 ||| DROPPING +2 sling of draining.
  1102 | D:3      | 1102 ||| INVOKING Spit Poison.
  1107 | D:3      | 1107 ||| INVOKING Spit Poison.
  1220 | D:3      | 1220 ||| INVOKING Spit Poison.
  1231 | D:3      | 1231 ||| INVOKING Spit Poison.
  1302 | D:3      | 1302 ||| UPGRADING to +2 ring mail of cold resistance.
  1312 | D:3      | 1312 ||| DROPPING +0 leather armour.
  1313 | D:3      | 1313 ||| READING scroll labelled XYIFFE TODEI.
  1314 | D:3      | 1314 ||| READING scroll labelled VAITTI ICISOSH.
  1315 | D:3      | 1315 ||| READING scroll labelled GUACUL UT TUBB.
  1316 | D:3      | 1316 ||| DRINKING 2 metallic sapphire potions.
  1317 | D:3      | 1317 ||| DRINKING 3 grey potions.
  1318 | D:3      | 1318 ||| DRINKING 2 smoky emerald potions.
  1319 | D:3      | 1319 ||| READING 3 scrolls of identify.
  1319 | D:3      | 1319 ||| IDENTIFYING sedimented emerald potion
  1320 | D:3      | 1320 ||| READING 2 scrolls of identify.
  1320 | D:3      | 1320 ||| IDENTIFYING silvery potion
  1321 | D:3      | 1321 ||| DROPPING potion of degeneration.
  1322 | D:3      | 1322 ||| DROPPING potion of attraction.
  1323 | D:3      | 1323 ||| DROPPING potion of brilliance.
  1337 | D:4      | You fall into a shaft and drop 3 floors!
  1363 | D:6      | 1363 ||| INVOKING Spit Poison.
  1364 | D:6      | Reached skill level 3 in Fighting
  1406 | D:5      | Entered Level 5 of the Dungeon
  1407 | D:5      | 1407 ||| INVOKING Spit Poison.
  1412 | D:5      | Noticed a scorpion
  1413 | D:5      | 1413 ||| INVOKING Spit Poison.
  1415 | D:5      | Reached XP level 5. HP: 34/49 MP: 5/5
  1417 | D:5      | 1417 ||| INVOKING Spit Poison.
  1421 | D:5      | HP: 11/49 [orc/+0 mace (2)]
  1422 | D:5      | 1422 ||| READING scroll of teleportation.
  1423 | D:5      | 1423 ||| DRINKING 2 potions of heal wounds.
  1424 | D:5      | 1424 ||| INVOKING Spit Poison.
  1426 | D:5      | Noticed Prince Ribbit
  1427 | D:5      | HP: 12/49 [poisoned by a scorpion]
  1428 | D:5      | 1428 ||| DRINKING potion of heal wounds.
  1429 | D:5      | 1429 ||| INVOKING Spit Poison.
  1433 | D:5      | HP: 11/49 [Prince Ribbit (11)]
  1434 | D:5      | Slain by Prince Ribbit

Levels and vault maps discovered:
D:1:      scummos_arrival_hexagon, layout_rooms, corexii_hall_statues_s
D:2:      layout_rooms, chequers_serial_rivers_micro_c, minmay_misc_feat_iff
D:3:      layout_rooms, grunt_ministairs_9, chequers_serial_rivers_micro_e
D:4:      layout_cave_pools, uniq_crazy_yiuf_cottage
D:5:      layout_rooms, grunt_ministairs_3, uniq_prince_ribbit1
D:6:      layout_rooms, palyth_stone_intersect, uniq_pikel
D:7:      layout_loops_cross, minmay_temple_entry_crystal_x

Skill      XL: |  1  2  3  4 |
---------------+-------------+-----
Ranged Weapons | 4 5 |  5.2
Fighting       | 3 |  3.0
Dodging        | |  1.5
Stealth        | |  1.5

Action                     |  1- 3 |  4- 6 || total
---------------------------+-------+-------++-------
   Fire: Shortbow          |    50 |    50 ||   100
Ability: Spit Poison       |    16 |    14 ||    30
    Use: Scroll            |     8 |     6 ||    14
         Potion            |     1 |     5 ||     6
 Armour: Leather armour    |     1 |     5 ||     6
         Ring mail         |       |    17 ||    17
  Dodge: Dodged            |     2 |    19 ||    21

Table legend:
 A = Non-vault XP
 B = Vault XP
 C = Vault XP percentage of total XP
 D = Non-vault monster count
 E = Vault monster count
 F = Vault count percentage of total count
                 A         B        C        D         E       F
            +---------+---------+-------+---------+---------+-------
      Total |     173 |       6 |   3.4 |      43 |       2 |   4.4
            +---------+---------+-------+---------+---------+-------
        D:1 |      22 |       0 |   0.0 |      13 |       0 |   0.0
        D:2 |      23 |       0 |   0.0 |      10 |       0 |   0.0
        D:3 |      71 |       6 |   7.8 |      16 |       2 |  11.1
        D:5 |      20 |       0 |   0.0 |       3 |       0 |   0.0
        D:6 |      37 |       0 |   0.0 |       1 |       0 |   0.0
            +---------+---------+-------+---------+---------+-------
